 Dungeon Crawl Stone Soup version 0.31-a0-1-g4198be8af4 (webtiles) character file.

Game seed: 6793522082211897944

91819 scionoferis the Warrior (level 16, 0/149 HPs)
             Began as a Ghoul Berserker on May 1, 2023.
             Was a High Priest of Trog.
             Slain by a boulder beetle (35 damage)
             ... on level 1 of the Spider Nest.
             The game lasted 01:39:17 (30539 turns).

scionoferis the Warrior (Ghoul Berserker)          Turns: 30539, Time: 01:39:18

Health: 0/149      AC: 31    Str: 23 (26) XL:     16   Next: 4%
Magic:  1/15       EV: 12    Int:  1 (5)  God:    Trog [*****.]
Gold:   1098       SH: 10    Dex: 16 (17) Spells: 15/15 levels left

rFire   + + +        a - +5 demon whip (vamp)
rCold   + . .        W - +0 kite shield {reflect}
rNeg    + + +        y - +18 Lear's hauberk
rPois   ∞            (helmet currently unavailable)
rElec   .            J - +0 cloak
rCorr   .            (gloves currently unavailable)
SInv    .            (boots currently unavailable)
Will    +++..        K - amulet of Due Proportion {Faith +Inv rPois rF+++ Stlth-}
Stlth   x              - +4 ring of slaying
HPRegen 1.00/turn    T - ring "Hurotaih" {Fly Str+4 Dex+5}
MPRegen 0.14/turn

%: reflection, faith
@: strong-willed, flying, regenerating, studying 2 skills
A: claws 1, cold resistance 1, negative energy resistance 3, inhibited
regeneration, torment resistance 2, devour on kill
a: Renounce Religion, Evoke Invisibility, Trog's Hand, Brothers in Arms


You were on level 1 of the Spider Nest.
You worshipped Trog.
Trog was extremely pleased with you.
You visited 4 branches of the dungeon, and saw 20 of its levels.
You also visited: Bailey and Ice Cave.

You collected 3058 gold pieces.
You spent 1960 gold pieces at shops.


Innate Abilities, Weirdness & Mutations

You are immune to poison.
You have sharp fingernails.
Your flesh is cold resistant. (rC+)
You are immune to negative energy. (rN+++)
You do not regenerate when monsters are visible.
You are immune to unholy pain and torment.
You thrive by killing the living.


   Skills:
 + Level 15.4 Fighting
 + Level 14.2 Maces & Flails
 + Level 8.2 Throwing
 + Level 10.1 Armour
 + Level 9.4 Dodging
 + Level 6.9 Shields
 - Level 6.0 Evocations


You had 15 spell levels left.
You didn't know any spells.
Your spell library was empty.

Inventory:

Hand Weapons
 a - a +5 vampiric demon whip (weapon)
   (You acquired it on level 9 of the Dungeon)
 t - the +4 flail "Meitorch" {flame, rElec rF+}
   (Trog gifted it to you on level 1 of the Spider Nest)

   rF:        It protects you from fire.
   rElec:     It insulates you from electricity.
 Q - a +1 antimagic war axe
   (You found it on level 4 of the Dungeon)
 U - a +2 eveningstar of venom
   (You took it off Donald on level 2 of the Orcish Mines)
Missiles
 f - a boomerang
 h - 4 throwing nets
 l - 10 javelins
 m - 38 poisoned darts
 I - 5 curare-tipped darts (quivered)
Armour
 b - a +2 kite shield of cold resistance
   (You found it in an ice cave)
 y - the +18 Lear's hauberk (worn)
   (You found it in a bailey)
 J - a +0 cloak (worn)
   (You found it on level 6 of the Dungeon)
 W - a +0 kite shield of reflection (worn)
   (You took it off Donald on level 2 of the Orcish Mines)
Jewellery
 x - a +4 ring of slaying (left claw)
   (You found it on level 4 of the Dungeon)
 K - the amulet of Due Proportion (around neck) {Faith +Inv rPois rF+++ Stlth-}
   (You bought it in a shop on level 10 of the Dungeon)

   [amulet of faith]

   It allows you to gain divine favour quickly.
   rF:        It renders you almost immune to fire.
   rPois:     It protects you from poison.
   +Inv:      It lets you turn invisible.
   Stlth:     It makes you less stealthy.
 T - the ring "Hurotaih" (right claw) {Fly Str+4 Dex+5}
   (You bought it in a shop on level 10 of the Dungeon)

   [ring of flight]

   Str:       It affects your strength (+4).
   Dex:       It affects your dexterity (+5).
   Fly:       It grants you flight.
Wands
 d - a wand of flame (9)
   (You found it on level 1 of the Spider Nest)
 k - a wand of mindburst (16)
   (You found it on level 11 of the Dungeon)
 s - a wand of digging (14)
   (You found it in an ice cave)
 w - a wand of acid (14)
   (You found it on level 3 of the Dungeon)
 L - a wand of roots (10)
   (You found it on level 8 of the Dungeon)
 V - a wand of paralysis (16)
   (You found it in an ice cave)
Scrolls
 e - 4 scrolls of blinking
 q - 6 scrolls of magic mapping
 B - 2 scrolls of brand weapon
 E - 6 scrolls of fog
 H - 9 scrolls of teleportation
 M - 3 scrolls of vulnerability
 N - a scroll of silence
 O - 2 scrolls of identify
 P - 3 scrolls of poison
 R - 2 scrolls of fear
Potions
 c - a potion of cancellation
 g - 3 potions of mutation {unknown}
 i - 12 potions of curing
 n - 4 potions of heal wounds {unknown}
 o - 6 potions of brilliance {unknown}
 p - 3 potions of haste
 r - 5 potions of attraction {unknown}
 v - 4 potions of lignification {unknown}
 z - a potion of might
 A - 3 potions of invisibility {unknown}
 C - a potion of ambrosia
 D - 2 potions of berserk rage {unknown}
 F - 3 potions of flight {unknown}
 G - 10 potions of degeneration {unknown}
 S - a potion of resistance
Miscellaneous
 j - a phial of floods
   (You found it on level 5 of the Dungeon)
 u - a condenser vane
   (You found it in a bailey)

Dungeon Overview and Level Annotations

Branches:
Dungeon (12/15)            Temple (0/1) D:4            Lair (5/5) D:9
 Shoals (0/4) Lair:3       Spider (1/4) Lair:3        Slime (0/5) Lair:4
    Orc (2/2) D:11            Elf (0/3) Orc:2        Bailey (visited)
  IceCv (visited)

Altars:
Dithmenos
Gozag
Qazlal
Ru
Sif Muna
Trog
Uskayaw
Vehumet
Wu Jian
Jiyva

Shops:
D:3 *   D:8 ?   D:10 =   D:11 =   Orc:1 =[ Orc:2

([(*: ###...#
##...##########
#.##.###......##########
.##...#........†.†^.....
.#....##.......†........
..........°###.##...####
.#....#.#..°○°°.....#
.#..#.......###B#####
....#.(.....# ##@...#
...†.##....#.. #....!#
##..####.......#.....#
#..# #....#...#[...[#
#### #....##.###...##
#..... ## ####


You could see a boulder beetle (rolling, very poisoned, slow).


Message History

Something appears at your feet!
You see here the +4 flail "Meitorch" {flame, rElec rF+}.
No target in view!
t - the +4 flail "Meitorch" {flame, rElec rF+} You see here a redback corpse.
Things that are here:
a redback corpse; a redback corpse; a redback corpse
V - a wand of paralysis (16) (gained 7 charges)
A redback comes into view.
The redback bites you!
You thrash the redback!!
You feel better.
The redback is severely wounded.
The redback misses you.
You whack the redback!
You kill the redback!
Trog accepts your kill.
A redback comes into view.
Found a scroll of brand weapon.
The redback barely misses you.
You thrash the redback!!
The redback is severely wounded.
You block the redback's attack.
You thrash the redback!!
You kill the redback!
Trog accepts your kill.
No target in view!
No target in view!
You see here a redback corpse.
B - a scroll of brand weapon You see here the +1 dagger "Zerud" {vamp, rElec rPois Dex+3}.
You now have 1080 gold pieces (gained 25).
You are caught in the web!
There is a web here.
You disentangle yourself.
You pick your way through the web.
There is a web here.
You see here a redback corpse.
You see here 5 stones.
You are caught in the web!
There is a web here.
You struggle to detach yourself from the web.
You disentangle yourself.
You are caught in the web!
There is a web here.
You struggle to detach yourself from the web.
You disentangle yourself.
You see here a staff of death.
A torpor snail and an orb spider come into view.
The orb spider's many legs skitter faintly.
You hear a faint skittering sound.
A tarantella comes into view.
Being near the torpor snail leaves you feeling lethargic.
You feel yourself speed up. The tarantella touches you.
You whack the tarantella!
The tarantella is moderately wounded.
You closely miss the tarantella.
The tarantella is moderately wounded.
The tarantella touches you!
You whack the tarantella!
You feel better.
The tarantella is severely wounded.
You block the tarantella's attack.
You miss the tarantella.
The tarantella is severely wounded.
You thrash the tarantella!!
You feel better.
You kill the tarantella!
Trog accepts your kill.
You hit the orb spider.
You feel better.
The orb spider is lightly wounded.
The orb spider pulsates with a strange energy.
You closely miss the orb spider.
The orb spider is lightly wounded.
You closely miss the orb spider.
The orb spider is lightly wounded.
You barely miss the orb spider.
The orb spider is lightly wounded.
Found a scroll of brand weapon.
The orb spider weaves a glowing orb of energy.
The wavering orb of destruction weakly hits you!
The torpor snail closely misses you.
Being near the torpor snail leaves you feeling lethargic.
You hear a faint skittering sound. x2
You thrash the orb spider!!
The orb spider is severely wounded.
You barely miss the orb spider.
The orb spider is severely wounded.
The torpor snail bites you but does no damage.
You whack the orb spider!
You feel better.
You kill the orb spider!
Trog accepts your kill.
You feel better.
A culicivora comes into view.
A jumping spider comes into view.
The torpor snail bites you.
The culicivora's many legs skitter faintly.
The jumping spider's many legs skitter faintly.
You thrash the torpor snail!!
You feel better.
The torpor snail is moderately wounded.
The jumping spider leaps!
A redback comes into view.
You thrash the torpor snail!!
The torpor snail is severely wounded.
The jumping spider pounces on you but does no damage.
The jumping spider bites you but does no damage.
The torpor snail barely misses you. The jumping spider barely misses you.
The jumping spider bites you but does no damage.
You hit the torpor snail but do no damage.
The torpor snail is severely wounded.
The jumping spider pounces on you. You block the jumping spider's attack.
You hit the torpor snail.
You feel better.
The torpor snail is severely wounded.
You block the jumping spider's attack. x2
The torpor snail bites you but does no damage.
You whack the torpor snail!
You kill the torpor snail!
Trog accepts your kill.
You feel better.
You feel yourself speed up.
The jumping spider pounces on you but does no damage.
The jumping spider bites you but does no damage.
You block the jumping spider's attack.
The jumping spider bites you but does no damage.
You hit the jumping spider.
The jumping spider is lightly wounded.
You block the redback's attack.
A jumping spider comes into view.
You block the jumping spider's attack. The jumping spider misses you.
You hit the jumping spider.
The jumping spider is moderately wounded.
The redback completely misses you. You block the jumping spider's attack.
The jumping spider bites you but does no damage.
You whack the jumping spider!
The jumping spider is heavily wounded.
The redback closely misses you.
You closely miss the jumping spider.
The jumping spider is heavily wounded.
You block the jumping spider's attack.
The jumping spider bites you but does no damage.
You block the redback's attack.
You whack the jumping spider!
The jumping spider is almost dead.
You block the jumping spider's attack.
The jumping spider completely misses you.
The jumping spider leaps!
You block the redback's attack.
You thrash the jumping spider!!
You kill the jumping spider!
Trog accepts your kill.
The jumping spider leaps!
You thrash the redback!!
The redback is almost dead.
The redback barely misses you.
You closely miss the redback.
The redback is almost dead.
The redback barely misses you.
You whack the redback!
You kill the redback!
Trog accepts your kill.
You thrash the culicivora!!
The culicivora is heavily wounded.
The culicivora closely misses you.
You thrash the culicivora!!
You kill the culicivora!
Trog accepts your kill. The jumping spider misses you.
You block the jumping spider's attack. The jumping spider closely misses you.
The jumping spider bites you but does no damage.
You thrash the jumping spider!!
The jumping spider is severely wounded.
You block the jumping spider's attack. The jumping spider barely misses you.
You hit the jumping spider.
The jumping spider is severely wounded.
The jumping spider leaps!
The jumping spider pounces on you but does no damage.
The jumping spider bites you but does no damage.
You see here a scroll of brand weapon.
You barely miss the jumping spider.
The jumping spider is severely wounded.
The jumping spider pounces on you but does no damage.
The jumping spider bites you but does no damage.
You closely miss the jumping spider.
The jumping spider is severely wounded.
The jumping spider leaps!
You block the jumping spider's attack. x2; The jumping spider pounces on you!
The jumping spider bites you but does no damage.
You closely miss the jumping spider.
The jumping spider is severely wounded.
You whack the jumping spider!
The jumping spider is almost dead.
The jumping spider pounces on you but does no damage.
The jumping spider bites you but does no damage.
You whack the jumping spider!
You feel better.
You kill the jumping spider!
Trog accepts your kill.
You feel better.
B - 2 scrolls of brand weapon (gained 1)
Found a stone staircase leading down.
There is a stone staircase leading down here.
A wolf spider comes into view.
The wolf spider's many legs skitter.
The wolf spider misses you. You block the wolf spider's attack.
You whack the wolf spider!
The wolf spider is moderately wounded.
The wolf spider closely misses you. The wolf spider misses you.
You thrash the wolf spider!!
The wolf spider is heavily wounded.
You block the wolf spider's attack.
The wolf spider bites you but does no damage.
You hit the wolf spider.
The wolf spider is severely wounded.
The wolf spider hits you!
The wolf spider bites you but does no damage.
You thrash the wolf spider!!
You feel better.
You kill the wolf spider!
Trog accepts your kill.
You feel your intelligence returning.
No target in view!
A tarantella comes into view.
The tarantella's many legs skitter faintly.
You barely miss the tarantella. The tarantella barely misses you.
You hit the tarantella.
The tarantella is lightly wounded.
The tarantella misses you.
You barely miss the tarantella.
The tarantella is lightly wounded.
The tarantella touches you but does no damage.
You thrash the tarantella!!
The tarantella is almost dead.
The tarantella touches you but does no damage.
You hit the tarantella.
The tarantella is almost dead.
You block the tarantella's attack.
You thrash the tarantella!!
You kill the tarantella!
Trog accepts your kill.
You see here a tarantella corpse.
A wolf spider comes into view.
The wolf spider's many legs skitter.
You closely miss the wolf spider.
The wolf spider hits you but does no damage.
The wolf spider bites you!
You whack the wolf spider!
The wolf spider is moderately wounded.
You block the wolf spider's attack. x2
You hit the wolf spider.
You feel better.
The wolf spider is moderately wounded.
The wolf spider barely misses you. The wolf spider completely misses you.
You whack the wolf spider!
The wolf spider is heavily wounded.
You block the wolf spider's attack. x2
You whack the wolf spider!
You feel better.
The wolf spider is severely wounded.
You block the wolf spider's attack. x2
You barely miss the wolf spider.
The wolf spider is severely wounded.
The wolf spider hits you but does no damage.
You block the wolf spider's attack.
A culicivora comes into view.
The culicivora's many legs skitter faintly.
You hit the wolf spider.
You feel better.
The wolf spider is severely wounded.
The wolf spider barely misses you. x2
You whack the wolf spider!
The wolf spider is almost dead.
The wolf spider hits you but does no damage.
You block the wolf spider's attack.
You hit the wolf spider.
You feel better.
The wolf spider is almost dead.
The wolf spider hits you but does no damage.
You block the wolf spider's attack.
You barely miss the wolf spider.
The wolf spider is almost dead.
You whack the wolf spider!
You kill the wolf spider!
Trog accepts your kill.
A sun moth comes into view.
A culicivora comes into view.
You see here a wolf spider corpse.
You barely miss the culicivora.
The culicivora's many legs skitter faintly.
You block the culicivora's attack.
You barely miss the culicivora. You block the culicivora's attack.
You thrash the culicivora!!
The culicivora is severely wounded.
You whack the culicivora!
The culicivora is almost dead.
You block the culicivora's attack.
You hit the culicivora.
The culicivora is almost dead.
You block the culicivora's attack.
You closely miss the culicivora.
The culicivora is almost dead.
You closely miss the culicivora.
The culicivora is almost dead.
The sun moth throws energy at you. The bolt of energy misses you.
The culicivora completely misses you.
You closely miss the culicivora.
The culicivora is almost dead.
The culicivora misses you. The culicivora bites you.
You thrash the culicivora!!
You kill the culicivora!
Trog accepts your kill.
You feel better. You block the culicivora's attack.
Your Throwing skill increases to level 8!
You barely miss the culicivora. You block the culicivora's attack.
You thrash the culicivora!!
The culicivora is heavily wounded.
You whack the sun moth!
The sun moth is lightly wounded.
You whack the sun moth!
The sun moth is moderately wounded.
You block the sun moth's attack.
You thrash the sun moth!!
The sun moth is heavily wounded.
You whack the sun moth!
The sun moth is severely wounded.
The sun moth bites you but does no damage.
You hit the sun moth.
The sun moth is severely wounded.
The sun moth bites you!
You thrash the sun moth!!
The sun moth is almost dead.
You whack the sun moth!
You kill the sun moth!
Trog accepts your kill.
You closely miss the culicivora.
The culicivora is heavily wounded.
The culicivora bites you.
You hit the culicivora.
The culicivora is severely wounded.
You block the culicivora's attack.
You hit the culicivora.
You feel better.
The culicivora is severely wounded.
The culicivora bites you.
You barely miss the culicivora.
The culicivora is severely wounded.
You hit the culicivora.
You feel better.
The culicivora is almost dead.
The culicivora bites you.
You miss the culicivora.
The culicivora is almost dead.
You block the culicivora's attack.
You barely miss the culicivora.
The culicivora is almost dead.
You block the culicivora's attack.
You miss the culicivora.
The culicivora is almost dead.
The culicivora misses you.
You whack the culicivora!
You feel better.
You kill the culicivora!
Trog accepts your kill.
You feel better.
No target in view!
You see here a culicivora corpse.
A steelbarb worm comes into view.
You see here a culicivora corpse.
A demonic crawler comes into view.
The demonic crawler gives a hideous shriek!
You whack the steelbarb worm!
The steelbarb worm is moderately wounded.
The steelbarb worm hits you but does no damage.
You hit the steelbarb worm but do no damage.
The steelbarb worm is moderately wounded.
You block the steelbarb worm's attack.
You whack the steelbarb worm!
The steelbarb worm is moderately wounded.
You hit the steelbarb worm.
The steelbarb worm is heavily wounded.
The steelbarb worm barely misses you.
A culicivora comes into view.
The culicivora's many legs skitter faintly.
You thrash the steelbarb worm!!
The steelbarb worm is severely wounded.
The steelbarb worm hits you but does no damage.
You hit the steelbarb worm.
The steelbarb worm is almost dead.
The steelbarb worm closely misses you.
You hit the steelbarb worm but do no damage.
The steelbarb worm is almost dead.
You whack the steelbarb worm!
You kill the steelbarb worm!
Trog accepts your kill.
You whack the demonic crawler!
The demonic crawler is moderately wounded.
An orb spider comes into view.
The demonic crawler hits you but does no damage. x2
You block the demonic crawler's attack.
The orb spider's many legs skitter faintly.
You whack the demonic crawler!
The demonic crawler is moderately wounded.
You hear a faint skittering sound.
You completely miss the demonic crawler.
The demonic crawler is moderately wounded.
The demonic crawler barely misses you.
You block the demonic crawler's attack. x2
A culicivora comes into view.
You hit the demonic crawler.
The demonic crawler is moderately wounded.
The demonic crawler hits you but does no damage. x2
The demonic crawler hits you!
A redback comes into view.
You thrash the demonic crawler!!
The demonic crawler is heavily wounded.
The demonic crawler hits you.
The demonic crawler hits you but does no damage.
You block the demonic crawler's attack.
You whack the demonic crawler!
The demonic crawler is heavily wounded.
You block the culicivora's attack.
You whack the demonic crawler!
The demonic crawler is severely wounded.
The demonic crawler barely misses you. You block the demonic crawler's attack.
The demonic crawler hits you but does no damage.
The culicivora attacks as you move away!
The culicivora bites you but does no damage.
The demonic crawler attacks as you move away!
You block the demonic crawler's attack.
The demonic crawler hits you but does no damage.
The demonic crawler misses you. The culicivora misses you.
The demonic crawler barely misses you.
The demonic crawler hits you but does no damage. x2
The demonic crawler attacks as you move away!
The demonic crawler hits you! The demonic crawler misses you. x2
You block the culicivora's attack.
The orb spider pulsates with a strange energy.
The culicivora bites you but does no damage.
You thrash the culicivora!!
You feel better.
The culicivora is severely wounded.
The culicivora barely misses you.
You miss the culicivora.
The culicivora is severely wounded.
The culicivora bites you but does no damage.
You closely miss the culicivora.
The culicivora is severely wounded.
You block the culicivora's attack.
You thrash the culicivora!!
You feel better.
You kill the culicivora!
Trog accepts your kill.
You thrash the demonic crawler!!
The demonic crawler is moderately wounded.
The demonic crawler barely misses you. The demonic crawler closely misses you.
The demonic crawler hits you but does no damage.
You thrash the demonic crawler!!
The demonic crawler is heavily wounded.
You block the demonic crawler's attack.
The demonic crawler hits you but does no damage.
The demonic crawler misses you.
You hit the demonic crawler but do no damage.
The demonic crawler is heavily wounded.
You block the demonic crawler's attack. x2
The demonic crawler closely misses you.
You barely miss the demonic crawler.
The demonic crawler is moderately wounded.
You hit the demonic crawler.
The demonic crawler is moderately wounded.
You block the demonic crawler's attack.
The demonic crawler hits you but does no damage. x2
You thrash the demonic crawler!!
The demonic crawler is severely wounded.
The demonic crawler hits you! The demonic crawler hits you.
You block the demonic crawler's attack.
You whack the demonic crawler!
The demonic crawler is severely wounded.
The demonic crawler closely misses you. x2
The demonic crawler barely misses you.
You whack the demonic crawler!
The demonic crawler is almost dead.
You whack the demonic crawler!
You kill the demonic crawler!
Trog accepts your kill.
You closely miss the culicivora. You closely miss the culicivora.
The culicivora barely misses you.
You hit the culicivora.
You feel better.
The culicivora is lightly wounded.
The culicivora bites you but does no damage.
You thrash the culicivora!!
The culicivora is heavily wounded.
The culicivora bites you but does no damage.
You closely miss the culicivora.
The culicivora is heavily wounded.
The culicivora misses you.
You barely miss the culicivora.
The culicivora is heavily wounded.
You block the culicivora's attack.
You miss the culicivora.
The culicivora is heavily wounded.
You block the culicivora's attack.
You whack the culicivora!
You feel better.
The culicivora is almost dead.
The culicivora bites you!
You whack the culicivora!
You feel better.
You kill the culicivora!
Trog accepts your kill.
You feel better.
The orb spider weaves a glowing orb of energy.
An orb of destruction comes into view.
The redback bites you but does no damage. x2
The orb of destruction moves out of view.
You thrash the redback!!
You feel better.
The redback is almost dead.
You block the redback's attack.
You barely miss the redback.
The redback is almost dead.
The redback bites you but does no damage.
You whack the redback!
You kill the redback!
Trog accepts your kill.
The orb spider spins a strand of pure energy.
You see here a culicivora corpse.
The orb spider weaves a glowing orb of energy.
An orb of destruction comes into view.
You see here a wolf spider corpse.
The orb spider pulsates with a strange energy.
You see here a wolf spider corpse.
You see here a culicivora corpse.
You closely miss the orb spider.
The orb spider weaves a glowing orb of energy.
Your +0 kite shield of reflection blocks the orb of destruction... and reflects it back!
The wavering orb of destruction hits the orb spider!!
You whack the orb spider!
The orb spider is almost dead.
You thrash the orb spider!!
You kill the orb spider!
Trog accepts your kill.
You feel your dexterity returning.
A jumping spider comes into view.
The jumping spider moves out of view.
A tarantella comes into view.
Found 18 gold pieces.
The jumping spider leaps!
You see here a steelbarb worm corpse.
You hit the jumping spider.
The jumping spider is lightly wounded.
A jumping spider comes into view.
The jumping spider barely misses you.
The jumping spider bites you but does no damage.
The jumping spider's many legs skitter faintly.
You whack the jumping spider!
The jumping spider is heavily wounded.
You block the jumping spider's attack. x2
You barely miss the jumping spider.
The jumping spider is heavily wounded.
A jumping spider comes into view.
The jumping spider leaps!
The jumping spider's many legs skitter faintly.
You hit the jumping spider but do no damage.
The jumping spider is heavily wounded.
You hear a faint skittering sound.
The jumping spider pounces on you but does no damage.
The jumping spider misses you.
You closely miss the jumping spider.
The jumping spider is heavily wounded.
The jumping spider barely misses you.
The jumping spider bites you but does no damage.
A jumping spider comes into view.
The jumping spider leaps!
A jumping spider comes into view.
The jumping spider's many legs skitter faintly.
The jumping spider leaps! x2; You block the jumping spider's attack. x2
A redback comes into view.
The jumping spider leaps!
The jumping spider closely misses you. The jumping spider barely misses you.
The jumping spider moves out of view.
The jumping spider leaps!
The tarantella misses you.
The jumping spider leaps!
Things that are here:
a culicivora corpse; a demonic crawler corpse; a culicivora corpse The tarantella touches you.
You whack the tarantella!
The tarantella is moderately wounded.
You hit the tarantella.
You feel better.
The tarantella is heavily wounded.
The tarantella closely misses you.
You thrash the tarantella!!
You feel better.
You kill the tarantella!
Trog accepts your kill.
The jumping spider leaps! x2
The jumping spider leaps!
Items here: ††††.
The jumping spider pounces on you but does no damage.
You block the jumping spider's attack.
The jumping spider leaps!
The jumping spider misses you. The jumping spider closely misses you.
You closely miss the jumping spider.
The jumping spider is moderately wounded.
You block the jumping spider's attack.
The jumping spider bites you but does no damage.
The jumping spider pounces on you!
You are caught in a web!
The jumping spider closely misses you.
The web tears apart.
The jumping spider pounces on you but does no damage.
The jumping spider barely misses you.
You block the jumping spider's attack. x2
The jumping spider leaps!
You block the jumping spider's attack. x2
You whack the jumping spider!
You feel better.
The jumping spider is severely wounded.
You block the jumping spider's attack. The jumping spider closely misses you.
You block the jumping spider's attack.
The jumping spider bites you but does no damage.
You barely miss the jumping spider.
The jumping spider is severely wounded.
The jumping spider pounces on you but does no damage.
You block the jumping spider's attack.
The jumping spider pounces on you but does no damage.
The jumping spider bites you but does no damage.
You block the jumping spider's attack. The jumping spider bites you.
You barely miss the jumping spider.
The jumping spider is severely wounded.
You block the jumping spider's attack.
The jumping spider bites you but does no damage.
The jumping spider pounces on you! You block the jumping spider's attack.
The jumping spider pounces on you but does no damage.
The jumping spider bites you.
The jumping spider leaps!
You closely miss the jumping spider.
The jumping spider is severely wounded.
The jumping spider pounces on you but does no damage.
The jumping spider bites you but does no damage.
The jumping spider leaps!
The jumping spider completely misses you.
You block the jumping spider's attack.
You whack the jumping spider!
You feel better.
The jumping spider is moderately wounded.
You block the jumping spider's attack. The jumping spider closely misses you.
The jumping spider leaps! x2; You block the jumping spider's attack.
The jumping spider barely misses you.
You whack the jumping spider!
You feel better.
The jumping spider is severely wounded.
The jumping spider leaps! x2; You block the jumping spider's attack.
The jumping spider bites you but does no damage.
The jumping spider leaps!
You thrash the jumping spider!!
You feel better.
You kill the jumping spider!
Trog accepts your kill.
You feel better.
The jumping spider leaps!
You closely miss the redback. You block the redback's attack.
You whack the redback!
The redback is heavily wounded.
The redback barely misses you.
You thrash the redback!!
You kill the redback!
Trog accepts your kill.
The jumping spider leaps!
You hit the jumping spider but do no damage.
The jumping spider is heavily wounded.
You block the jumping spider's attack. The jumping spider closely misses you.
You whack the jumping spider!
The jumping spider is almost dead.
The jumping spider leaps!
You completely miss the jumping spider.
The jumping spider leaps! x2
You thrash the jumping spider!!
The jumping spider is almost dead.
The jumping spider barely misses you. You block the jumping spider's attack.
You whack the jumping spider!
You kill the jumping spider!
Trog accepts your kill.
Items here: ††††.
The jumping spider leaps!
You hit the jumping spider.
The jumping spider is lightly wounded.
The jumping spider leaps!
You block the jumping spider's attack.
The jumping spider bites you but does no damage.
The jumping spider leaps! x2
You hit the jumping spider.
The jumping spider is lightly wounded.
You block the jumping spider's attack. The jumping spider closely misses you.
You block the jumping spider's attack. The jumping spider misses you.
You thrash the jumping spider!!
The jumping spider is almost dead.
The jumping spider pounces on you but does no damage.
You block the jumping spider's attack. The jumping spider pounces on you!
The jumping spider bites you.
You barely miss the jumping spider.
The jumping spider is almost dead.
You block the jumping spider's attack. x2; The jumping spider leaps!
You thrash the jumping spider!!
You feel better.
The jumping spider is heavily wounded.
The jumping spider leaps!
You block the jumping spider's attack.
The jumping spider bites you but does no damage.
You whack the jumping spider!
The jumping spider is almost dead.
You hit the jumping spider.
The jumping spider is almost dead.
The jumping spider leaps!
The jumping spider pounces on you but does no damage.
The jumping spider bites you but does no damage.
The jumping spider leaps!
You whack the jumping spider!
You kill the jumping spider!
Trog accepts your kill.
You see here a jumping spider corpse.
You whack the jumping spider!
You kill the jumping spider!
Trog accepts your kill. You block the jumping spider's attack.
The jumping spider bites you but does no damage.
You closely miss the jumping spider.
The jumping spider is severely wounded.
The jumping spider leaps!
You block the jumping spider's attack. x2
You see here a steelbarb worm corpse.
You closely miss the jumping spider.
The jumping spider is severely wounded.
The jumping spider pounces on you but does no damage.
The jumping spider closely misses you.
You closely miss the jumping spider.
The jumping spider is severely wounded.
You block the jumping spider's attack.
The jumping spider bites you but does no damage.
You thrash the jumping spider!!
You kill the jumping spider!
Trog accepts your kill.
No target in view!
You see here a jumping spider corpse.
Found 3 stones.
You now have 1098 gold pieces (gained 18).
You feel you are being watched by something.
You feel your power leaking away.
Deactivating autopickup; reactivate with Ctrl-A.
You barely miss something.
A culicivora comes into view.
A jumping spider comes into view.
You block something's attack. x2
Something stings you but does no damage.
The jumping spider's many legs skitter faintly.
The culicivora's many legs skitter faintly.
You whack something! You barely miss something.
Something hits you but does no damage. x2
Something barely misses you.
The jumping spider leaps!
You whack something!
The culicivora bites you but does no damage.
Something hits you but does no damage. You block something's attack.
Something stings you but does no damage.
You hit something.
The culicivora bites you but does no damage.
You barely miss something. Something hits you! x2
You feel dopey. Something stings you. The culicivora closely misses you.
You whack something!
You feel you are being watched by something.
You feel your power leaking away.
Something hits you but does no damage. x2
Something stings you but does no damage.
A culicivora comes into view.
You miss something. You block the culicivora's attack.
You miss something.
The culicivora bites you but does no damage.
You feel you are being watched by something.
Something barely misses you. Something hits you. Something stings you.
You closely miss something. You block the culicivora's attack.
You block something's attack. Something hits you but does no damage.
Something stings you but does no damage.
You thrash something!! You block the culicivora's attack.
The jumping spider leaps!
You thrash something!! Trog accepts your kill.
Reactivating autopickup.
You feel a bit more experienced.
The jumping spider leaps!
You feel your dexterity returning.
You thrash the culicivora!!
You feel better.
The culicivora is heavily wounded.
The culicivora bites you but does no damage. x2
You hit the culicivora.
You feel better.
The culicivora is severely wounded.
The culicivora barely misses you.
The culicivora bites you but does no damage.
You whack the culicivora!
You feel better.
You kill the culicivora!
Trog accepts your kill. The culicivora barely misses you.
You hit the culicivora.
The culicivora is lightly wounded.
The jumping spider leaps!
The culicivora bites you but does no damage.
You barely miss the culicivora.
The culicivora is lightly wounded.
You block the culicivora's attack.
You whack the culicivora!
The culicivora is heavily wounded.
The jumping spider leaps!
You closely miss the culicivora.
The culicivora is heavily wounded.
The culicivora barely misses you. You block the jumping spider's attack.
The jumping spider bites you but does no damage.
You miss the culicivora.
The culicivora is heavily wounded.
You block the culicivora's attack.
The jumping spider pounces on you but does no damage.
You block the jumping spider's attack.
You closely miss the culicivora.
The culicivora is heavily wounded.
The culicivora bites you.
The jumping spider pounces on you but does no damage.
The jumping spider bites you but does no damage.
You thrash the culicivora!!
You feel better.
You kill the culicivora!
Trog accepts your kill.
The jumping spider leaps!
You whack the jumping spider!
The jumping spider is heavily wounded.
You block the jumping spider's attack. x2
You thrash the jumping spider!!
You kill the jumping spider!
Trog accepts your kill.
You start resting.
Magic restored.
A redback comes into view.
An orb spider comes into view.
You block the redback's attack.
You thrash the redback!!
The redback is almost dead.
The redback bites you!
You barely miss the redback.
The redback is almost dead.
You whack the redback!
You feel better.
You kill the redback!
Trog accepts your kill.
You feel better.
You have reached level 16!
Found a leather armour.
The orb spider pulsates with a strange energy.
A boulder beetle comes into view.
The orb spider weaves a glowing orb of energy.
The orb of destruction hits a rock wall.
A wolf spider comes into view.
You thrash the orb spider!!
The orb spider is severely wounded.
The orb spider pulsates with a strange energy.
You whack the orb spider!
The orb spider is almost dead.
Something hits you but does no damage.
Deactivating autopickup; reactivate with Ctrl-A.
Something hits you.
You feel weakened. Something stings you.
You feel dopey.
You barely miss the orb spider.
The orb spider is almost dead.
The wolf spider hits you. You block the wolf spider's attack.
You feel you are being watched by something.
You feel your power leaking away.
Something hits you but does no damage. x2
Something stings you but does no damage.
You thrash the orb spider!!
You feel better.
You kill the orb spider!
Trog accepts your kill. The wolf spider hits you.
The wolf spider closely misses you. Something hits you but does no damage.
Something hits you! Something stings you.
You feel weakened.
You barely miss the wolf spider. You block the wolf spider's attack.
The wolf spider closely misses you.
You whack the wolf spider!
The wolf spider is lightly wounded.
You feel you are being watched by something.
You feel your power leaking away. You block something's attack.
Something hits you!
Something stings you but does no damage.
The wolf spider hits you but does no damage.
You block the wolf spider's attack.
The boulder beetle leaps!
You whack the wolf spider!
The wolf spider is heavily wounded.
You feel you are being watched by something.
You feel your power leaking away. You block something's attack.
Something hits you but does no damage.
Something stings you but does no damage.
The wolf spider closely misses you.
The wolf spider bites you but does no damage.
You barely miss the wolf spider.
The wolf spider is heavily wounded.
The boulder beetle curls into a ball and begins rolling!
You block the wolf spider's attack.
The wolf spider bites you but does no damage.
You feel you are being watched by something.
Something hits you!
You feel clumsy. Something hits you but does no damage.
Something stings you but does no damage.
You whack the wolf spider!
The wolf spider is severely wounded.
The wolf spider hits you but does no damage.
You block the wolf spider's attack.
You hit the wolf spider.
You feel better.
The wolf spider is severely wounded.
Something hits you but does no damage. x2; Something stings you!
You feel weakened.
You whack the wolf spider!
The wolf spider is almost dead.
You block the wolf spider's attack. The wolf spider completely misses you.
Something hits you.
You feel dopey. Something hits you but does no damage. Something stings you.
You miss something. The wolf spider barely misses you.
The wolf spider misses you. Something hits you.
Something hits you but does no damage.
Something stings you but does no damage.
You thrash something!!
You feel better. You block the wolf spider's attack.
The wolf spider bites you but does no damage.
The boulder beetle hits you!!
The boulder beetle stops rolling and uncurls.
Your skin crawls.
You feel strong-willed.
You feel you are being watched by something.
You feel your power leaking away. You block something's attack.
Something hits you but does no damage. Something stings you.
The wolf spider barely misses you. You block the wolf spider's attack.
The boulder beetle closely misses you. Something hits you but does no damage.
Something hits you.
You feel dopey.
Something stings you but does no damage.
The wolf spider barely misses you. x2
You thrash something!!
You feel better.
The boulder beetle leaps!
You block the wolf spider's attack. The wolf spider closely misses you.
You whack something!
You feel better.
You feel the effects of Trog's Hand fading.
You feel you are being watched by something.
Something hits you. Something hits you but does no damage.
Something stings you but does no damage.
You whack something!
You feel better.
The wolf spider hits you but does no damage.
The wolf spider closely misses you.
You feel you are being watched by something.
You block something's attack. Something hits you but does no damage.
Something barely misses you.
You hit something but do no damage. The wolf spider completely misses you.
You block the wolf spider's attack.
You closely miss something.
You feel you are being watched by something.
Something hits you but does no damage. x2; Something stings you.
The wolf spider closely misses you. You block the wolf spider's attack.
You closely miss something.
A culicivora comes into view.
You block the wolf spider's attack. The wolf spider barely misses you.
You feel you are being watched by something.
Something hits you. Something hits you but does no damage.
Something stings you but does no damage.
You miss something.
The culicivora's many legs skitter faintly.
The wolf spider misses you.
The wolf spider bites you but does no damage.
Something hits you but does no damage. Something hits you.
Something stings you but does no damage.
You barely miss something.
The boulder beetle curls into a ball and begins rolling!
The wolf spider hits you but does no damage.
The wolf spider closely misses you.
You completely miss something.
You feel you are being watched by something.
Something hits you! Something hits you but does no damage.
Something stings you but does no damage.
The wolf spider hits you.
The wolf spider bites you but does no damage.
You closely miss something.
Something hits you but does no damage. x2
Something stings you. You block the wolf spider's attack.
The wolf spider bites you!
You whack something!
You feel better. The wolf spider hits you.
The wolf spider bites you but does no damage.
You feel you are being watched by something.
Something hits you!
* * * LOW HITPOINT WARNING * * *
Something hits you but does no damage.
Something stings you but does no damage.
As you read the scroll of fear, it crumbles to dust.
You assume a fearsome visage.
The culicivora resists with some effort.
The boulder beetle looks frightened!
The wolf spider looks frightened!
Your skin stops crawling.
You feel less strong-willed.
You feel you are being watched by something.
You feel your power leaking away. Something hits you.
* * * LOW HITPOINT WARNING * * *
Something hits you but does no damage.
Something stings you but does no damage.
You miss something. You thrash something!!
You feel better. Trog accepts your kill.
You feel better.
Reactivating autopickup.
You feel a bit more experienced. You block the culicivora's attack.
You miss the culicivora. The culicivora bites you!
* * * LOW HITPOINT WARNING * * *
You thrash the culicivora!!
The culicivora is heavily wounded.
The wolf spider is healed somewhat.
You hit the culicivora.
The culicivora is severely wounded.
The culicivora barely misses you.
You whack the culicivora!
You kill the culicivora!
Trog accepts your kill.
You feel better.
Your skin crawls.
You feel strong-willed.
You see here a ghost moth corpse.
The boulder beetle seems to regain its courage.
The boulder beetle curls into a ball and begins rolling!
Found a puce potion and a ring mail.
Throw: 6 darts (curare)
Press: ? - help, Q - select action, (/) - cycle Shift-Dir - straight line, f - boulder beetle
Aim: a boulder beetle (rolling, 92% to hit)
You throw a curare-tipped dart.
The curare-tipped dart hits the boulder beetle.
The boulder beetle is poisoned.
The boulder beetle convulses.
The boulder beetle seems to slow down.
The boulder beetle is lightly wounded.
You hit the boulder beetle.
You feel better.
The boulder beetle is lightly wounded.
The boulder beetle hits you!!
You die...

Skill      XL: |  1  2  3  4  5  6  7  8  9 10 11 12 13 14 15 |
---------------+----------------------------------------------+-----
Maces & Flails | 3 4 5 6 7 8 10 12 13 14 | 14.2
Fighting       | 4 5 6 7 9 10 12 13 14 15 | 15.4
Armour         | 5 7 9 10 | 10.1
Dodging        | 3 5 6 8 9 |  9.4
Evocations     | 2 4 6 |  6.0
Throwing       | 2 4 6 8 |  8.2
Shields        | 1 4 6 |  6.9

Action                     |  1- 3 |  4- 6 |  7- 9 | 10-12 | 13-15 | 16-18 || total
---------------------------+-------+-------+-------+-------+-------+-------++-------
  Melee: Mace              |    41 |       |       |       |       |       ||    41
         Hand axe          |    57 |    17 |       |       |       |       ||    74
         Whip              |       |   166 |   277 |   757 |  1960 |       ||  3160
         Punch             |       |     1 |     3 |    15 |    37 |       ||    56
         War axe           |       |       |     3 |       |       |       ||     3
         Dire flail        |       |       |       |       |    21 |       ||    21
         Demon whip        |       |       |       |       |   297 |    31 ||   328
  Throw: Dart              |       |     1 |    11 |    14 |     9 |     1 ||    36
         Javelin           |       |       |       |     2 |     1 |       ||     3
         Throwing net      |       |       |       |       |     1 |       ||     1
 Invoke: Trog's Hand       |       |     1 |     3 |     6 |    16 |     2 ||    28
         Brothers in Arms  |       |       |       |       |     3 |       ||     3
  Evoke: Wand              |       |       |     1 |     4 |     7 |       ||    12
         Condenser vane    |       |       |       |       |     1 |       ||     1
    Use: Scroll            |       |       |     4 |     7 |    15 |     1 ||    27
         Potion            |       |       |       |       |     2 |       ||     2
   Stab: Sleeping          |     2 |       |       |       |       |       ||     2
         Distracted        |       |       |     1 |       |     3 |       ||     4
 Armour: Animal skin       |    24 |    10 |       |       |       |       ||    34
         Chain mail        |       |    40 |    71 |   264 |   805 |    45 ||  1225
         Plate armour      |       |       |     7 |       |       |       ||     7
  Dodge: Dodged            |    58 |    89 |    77 |   270 |   803 |    19 ||  1316
  Block: Kite shield       |       |       |       |       |   143 |    18 ||   161

Levels and vault maps discovered:
D:1:      dpeg_arrival_round_a, layout_basic,
          shapermc_ecumenical_altar_mp_highgroup
D:2:      layout_basic, basic_altar, minivault_11
D:3:      layout_basic, zin_purify, chequers_big_river, corexii_hall_statues_i
D:4:      layout_basic, minmay_temple_entry_overgrown
D:5:      cheibrodos_thug_alley, layout_loops_cross, nicolae_ru_awakened_eye,
          kennysheep_mini_moat, lemuel_tele_altar, portal_sewer_entry_e,
          kb_lookout_dungeons_type, minmay_small_thing
D:6:      layout_loops_ring, kennysheep_crisscross, uniq_pikel, uniq_grinder,
          uniq_edmund
D:7:      layout_basic, minmay_manual_macuahuitl
D:8:      wad_crossroads, layout_layer_cave, nicolae_elyvilon_peaceful_grove,
          serial_shops, nicolae_square_shop
D:9:      minmay_blocky_corners, layout_layer_cave,
          gammafunk_temple_overflow_forgotten, david_lair_generic,
          hangedman_decor_opposing
D:10:     hangedman_cross_cluster, layout_loops_ring, trog_wizard,
          fiery_altar_vehumet, serial_shops, nicolae_shop_gaudy_bauble,
          lightli_bailey_entry_fortress, uniq_josephine
D:11:     layout_stronghold, orc_0_dummy, serial_shops, shop
D:12:     layout_cave_pools
Lair:1:   layout_misc_corridors, uniq_urug
Lair:2:   nzn_winding_woodlands_small [nzn_winding_woodlands_5x15_pool,
          nzn_winding_woodlands_center_garden,
          nzn_winding_woodlands_5x15_default], layout_gridlike,
          portal_ice_cave_entry_pillars_2, chequers_serial_rivers_room_a,
          grunt_megastairs_5, infiniplex_staircase_pool_2
Lair:3:   layout_regular_city, minmay_shoals_entry_lonely_mermaid,
          spider_nest_entry_rubble, hibernation_bobbens, uniq_nessos
Lair:4:   layout_loops_ring, slime_entry_2, chequers_serial_rivers_small_a,
          uniq_sonja
Lair:5:   guppyfry_lair_end_dragon, layout_regular_city,
          gammafunk_ghost_necromancy, grunt_megastairs_4
Spider:1: layout_spider_delve, nicolae_spider_bug_shape, uniq_jorgrun
Orc:1:    minmay_goldmine, layout_caves, guppyfry_orc_lava_fort
Orc:2:    grunt_orc_cross, layout_diamond_mine, serial_shops,
          nicolae_shop_competitors_out_of_business, abandoned_shop, uniq_donald

Notes
Turn   | Place    | Note
-------+----------+-------------------------------------------
     0 | D:1      | scionoferis the Ghoul Berserker began the quest for the
                  | Orb.
     0 | D:1      | Reached XP level 1. HP: 19/19 MP: 0/0
   168 | D:1      | Reached skill level 3 in Maces & Flails
   168 | D:1      | Reached XP level 2. HP: 20/26 MP: 1/1
   333 | D:1      | Reached XP level 3. HP: 33/33 MP: 2/2
   460 | D:1      | Found a faded altar of an unknown god.
   562 | D:1      | Reached ** piety under Trog
   782 | D:2      | Reached skill level 4 in Fighting
   826 | D:2      | Reached skill level 4 in Maces & Flails
   826 | D:2      | Reached XP level 4. HP: 23/40 MP: 3/3
  1155 | D:2      | Found a shimmering blue altar of Sif Muna.
  2063 | D:3      | Reached XP level 5. HP: 47/47 MP: 4/4
  2336 | D:3      | Found Zin's Purification Station.
  3423 | D:4      | Found a staircase to the Ecumenical Temple.
  3574 | D:5      | Entered Level 5 of the Dungeon
  3597 | D:5      | Noticed an ogre
  3603 | D:5      | Killed an ogre
  3604 | D:5      | Reached skill level 5 in Fighting
  3604 | D:5      | Reached skill level 5 in Maces & Flails
  3604 | D:5      | Reached XP level 6. HP: 56/56 MP: 5/5
  3626 | D:5      | Found a sacrificial altar of Ru.
  3646 | D:5      | Found an ornate altar of the Wu Jian Council.
  3711 | D:5      | Reached *** piety under Trog
  3874 | D:5      | Reached skill level 6 in Maces & Flails
  3874 | D:5      | Reached XP level 7. HP: 26/61 MP: 6/6
  4130 | D:5      | Found a hide-covered altar of Uskayaw.
  4212 | D:5      | Reached skill level 6 in Fighting
  4814 | D:6      | Reached skill level 7 in Maces & Flails
  4814 | D:6      | Reached XP level 8. HP: 52/71 MP: 7/7
  4883 | D:6      | Noticed Grinder
  4884 | D:6      | Noticed Pikel
  4902 | D:6      | Killed Grinder
  5043 | D:6      | Reached skill level 7 in Fighting
  5146 | D:6      | Reached skill level 8 in Maces & Flails
  5199 | D:6      | Noticed a wyvern
  5208 | D:6      | Killed a wyvern
  5333 | D:6      | Noticed Edmund
  5340 | D:6      | Killed Edmund
  5599 | D:6      | Reached XP level 9. HP: 81/81 MP: 8/8
  5643 | D:6      | Killed Pikel
  5644 | D:6      | Reached skill level 8 in Fighting
  5644 | D:6      | Reached skill level 9 in Maces & Flails
  5957 | D:7      | Noticed a brown ugly thing
  5970 | D:7      | Reached **** piety under Trog
  5988 | D:7      | Killed a brown ugly thing
  5989 | D:7      | Reached skill level 10 in Maces & Flails
  6241 | D:7      | Reached skill level 9 in Fighting
  6587 | D:7      | Noticed a hornet
  6629 | D:7      | Reached XP level 10. HP: 57/91 MP: 9/9
  7161 | D:7      | Reached skill level 11 in Maces & Flails
  7461 | D:8      | Reached skill level 10 in Fighting
  7780 | D:8      | Found Ufyzygo's Magic Scroll Shop.
  7788 | D:8      | Bought a scroll of identify for 22 gold pieces
  7788 | D:8      | Bought a scroll of identify for 22 gold pieces
  7788 | D:8      | Bought a scroll of teleportation for 33 gold pieces
  7788 | D:8      | Bought a scroll of silence for 104 gold pieces
  7788 | D:8      | Bought a scroll of identify for 22 gold pieces
  7790 | D:8      | Identified a scroll of acquirement
  8069 | D:8      | Reached skill level 12 in Maces & Flails
  8821 | D:9      | Found a shimmering blue altar of Sif Muna.
  8821 | D:9      | Found a shadowy altar of Dithmenos.
  8866 | D:9      | Found a staircase to the Lair.
  8879 | D:9      | Reached XP level 11. HP: 96/101 MP: 10/10
  8954 | D:9      | Reached skill level 11 in Fighting
  9162 | D:9      | Reached skill level 13 in Maces & Flails
  9350 | D:9      | Noticed a five-headed hydra
  9351 | D:9      | Noticed a manticore
  9376 | D:9      | Killed a manticore
  9377 | D:9      | Reached skill level 2 in Armour
  9377 | D:9      | Reached skill level 2 in Dodging
  9718 | D:9      | Noticed a cyclops
  9734 | D:9      | Killed a cyclops
  9784 | D:9      | Noticed a manticore
  9801 | D:9      | Killed a manticore
  9802 | D:9      | Reached skill level 3 in Armour
 10224 | D:9      | Noticed a centaur warrior
 10242 | D:9      | Killed a centaur warrior
 10384 | D:9      | Found a stormy altar of Qazlal.
 10810 | D:9      | Killed a five-headed hydra
 10810 | D:9      | Reached ***** piety under Trog
 10811 | D:9      | Reached skill level 4 in Armour
 10811 | D:9      | Reached skill level 3 in Dodging
 10839 | D:10     | Entered Level 10 of the Dungeon
 10899 | D:10     | Found a flagged portal.
 10919 | Bailey   | Entered a bailey
 11130 | Bailey   | Received a gift from Trog
 11130 | Bailey   | Found the +8 frozen axe "Frostbite" {freeze, freezing
                  | cloud, *Noise Fly rC+}
 11144 | Bailey   | Found a large runed translucent door.
 11144 | Bailey   | Found a large runed translucent door.
 11145 | Bailey   | Noticed a deep elf pyromancer
 11146 | Bailey   | Found the +18 Lear's hauberk
 11153 | Bailey   | Noticed an orc knight
 11193 | Bailey   | Killed an orc knight
 11258 | Bailey   | Killed a deep elf pyromancer
 11274 | Bailey   | Identified the +4 barding of Veinlumei {+Inv Will- Regen+
                  | Str-3 Dex+4}
 11541 | D:10     | Noticed a wolf spider
 11551 | D:10     | Reached skill level 5 in Armour
 11561 | D:10     | Killed a wolf spider
 11562 | D:10     | Reached skill level 12 in Fighting
 11562 | D:10     | Reached XP level 12. HP: 112/112 MP: 11/11
 11567 | D:10     | Noticed an ogre mage
 11575 | D:10     | Noticed a two-headed ogre
 11591 | D:10     | Killed a two-headed ogre
 11592 | D:10     | Reached skill level 4 in Dodging
 11595 | D:10     | Killed an ogre mage
 11864 | D:10     | Found an opulent altar of Gozag.
 11879 | D:10     | Reached skill level 6 in Armour
 11886 | D:10     | Noticed a two-headed ogre
 12157 | D:10     | Noticed Josephine
 12183 | D:9      | Killed Josephine
 12184 | D:9      | Reached skill level 1 in Evocations
 12297 | D:10     | Reached skill level 1 in Throwing
 12349 | D:10     | Identified the +6 falchion of Virtue {venom, rPois Str+2}
 12644 | D:10     | Found a bloodstained altar of Trog.
 12711 | D:10     | Killed a two-headed ogre
 12807 | D:10     | Noticed a two-headed ogre
 12818 | D:10     | Killed a two-headed ogre
 12819 | D:10     | Reached skill level 2 in Throwing
 12819 | D:10     | Reached skill level 2 in Evocations
 12927 | D:10     | Found Suefatyodgh's Jewellery Shop.
 12969 | D:10     | Found a radiant altar of Vehumet.
 13001 | D:10     | Noticed a two-headed ogre
 13009 | D:10     | Killed a two-headed ogre
 13010 | D:10     | Reached skill level 7 in Armour
 13010 | D:10     | Reached skill level 5 in Dodging
 13319 | D:10     | Found an opulent altar of Gozag.
 13427 | D:10     | Found a bloodstained altar of Trog.
 13509 | D:10     | Found Suefatyodgh's Jewellery Shop.
 13595 | D:10     | Found a radiant altar of Vehumet.
 13995 | D:11     | Found Zinor's Jewellery Shop.
 14901 | D:11     | Reached XP level 13. HP: 119/119 MP: 12/12
 14912 | D:11     | Reached skill level 3 in Evocations
 14939 | D:11     | Reached skill level 3 in Throwing
 15017 | D:11     | Found a staircase to the Orcish Mines.
 15240 | D:12     | Received a gift from Trog
 15437 | D:12     | Reached skill level 14 in Maces & Flails
 15618 | D:12     | Reached skill level 8 in Armour
 15882 | D:12     | Reached skill level 13 in Fighting
 16239 | Lair:1   | Entered Level 1 of the Lair of Beasts
 16239 | Lair:1   | Noticed Urug
 16255 | Lair:1   | Killed Urug
 16312 | Lair:1   | Reached skill level 4 in Evocations
 16477 | Lair:1   | Reached skill level 6 in Dodging
 16554 | Lair:1   | Reached skill level 4 in Throwing
 16976 | Lair:2   | Found a frozen archway.
 16986 | IceCv    | Entered an ice cave
 17866 | IceCv    | Received a gift from Trog
 18556 | IceCv    | Noticed a reaper
 18582 | IceCv    | Killed a reaper
 18597 | IceCv    | Reached skill level 1 in Shields
 19065 | Lair:2   | Reached skill level 9 in Armour
 19646 | Lair:2   | Reached XP level 14. HP: 129/129 MP: 13/13
 19961 | Lair:2   | Reached skill level 2 in Shields
 19961 | Lair:2   | Reached skill level 5 in Evocations
 20607 | Lair:3   | Found a hole to the Spider Nest.
 20756 | Lair:3   | Reached skill level 5 in Throwing
 21158 | Lair:3   | Noticed Nessos
 21197 | Lair:3   | Killed Nessos
 21578 | Lair:3   | Found a staircase to the Shoals.
 22837 | Lair:4   | Noticed Sonja
 22845 | Lair:4   | Reached skill level 7 in Dodging
 22854 | Lair:4   | Killed Sonja
 22855 | Lair:4   | Reached skill level 3 in Shields
 22883 | Lair:4   | Reached skill level 10 in Armour
 23048 | Lair:4   | Found a runed translucent door.
 23049 | Lair:4   | Found a viscous altar of Jiyva.
 23051 | Lair:4   | Found a staircase to the Slime Pits.
 23401 | Lair:5   | Entered Level 5 of the Lair of Beasts
 23811 | Lair:5   | Reached skill level 14 in Fighting
 23906 | Lair:5   | Reached skill level 6 in Evocations
 23943 | Lair:5   | Reached skill level 4 in Shields
 23971 | Lair:5   | Reached skill level 6 in Throwing
 24525 | Lair:5   | Reached skill level 8 in Dodging
 24528 | Lair:5   | Reached XP level 15. HP: 139/139 MP: 14/14
 24601 | Lair:5   | Identified a potion of resistance
 24837 | Lair:5   | Reached skill level 5 in Shields
 25182 | Lair:5   | Found a runed translucent gate.
 25182 | Lair:5   | Found a runed translucent gate.
 25183 | Lair:5   | Found a runed translucent gate.
 25187 | Lair:5   | Noticed avis's ghost (journeyman DgTm)
 25244 | Lair:5   | Killed avis's ghost
 25245 | Lair:5   | Reached skill level 7 in Throwing
 25441 | Lair:5   | Identified the +0 leather armour of the Holding Gods
                  | {Str+5}
 25442 | Lair:5   | Identified the +1 helmet of Joy {rPois rC- Str+3}
 25944 | Orc:1    | Entered Level 1 of the Orcish Mines
 26120 | Orc:2    | Entered Level 2 of the Orcish Mines
 26240 | Orc:2    | Received a gift from Trog
 26414 | Orc:1    | Found Ybro's Jewellery Shop.
 26456 | Orc:1    | HP: 11/139 [sixfirhy[an orc sorcerer] (5)]
 26456 | Orc:1    | HP: 2/139 [sixfirhy[an orc sorcerer] (9)]
 26938 | Orc:1    | Found Itidyoz's Armour Shop.
 27572 | Orc:2    | Found Xoatub's Antique Weapon Emporium.
 27681 | Orc:2    | Identified a +1 robe of resistance
 27683 | Orc:2    | Noticed an orc warlord
 27854 | Orc:2    | Found a staircase to the Elven Halls.
 28136 | Orc:2    | Reached skill level 6 in Shields
 28155 | Orc:2    | Identified a +2 robe of resistance
 28155 | Orc:2    | Noticed Blork the orc
 28165 | Orc:2    | Reached skill level 15 in Fighting
 28170 | Orc:2    | Killed Blork the orc
 28289 | Orc:1    | Killed an orc warlord
 28418 | Orc:2    | Found Hapn's Antique Armour Shop.
 28462 | Orc:2    | Found Rodam's Antique Weapon Shop.
 28517 | Orc:2    | Noticed Donald
 28536 | Orc:2    | Killed Donald
 28537 | Orc:2    | Reached skill level 9 in Dodging
 28754 | Orc:2    | Found Zujy's General Store.
 28769 | Orc:2    | Found Wash's Book Shop.
 29264 | D:9      | Acquired a +1 vampiric demon whip
 29331 | D:10     | Bought the amulet of Due Proportion {Faith +Inv rPois rF+++
                  | Stlth-} for 1193 gold pieces
 29331 | D:10     | Bought the ring "Hurotaih" {Fly Str+4 Dex+5} for 564 gold
                  | pieces
 29474 | Spider:1 | Entered Level 1 of the Spider Nest
 29606 | Spider:1 | Killed a ghost moth
 29860 | Spider:1 | Identified the +4 flail "Meitorch" {flame, rElec rF+} (Trog
                  | gifted it to you on level 1 of the Spider Nest)
 29860 | Spider:1 | Received a gift from Trog
 29931 | Spider:1 | Identified the +1 dagger "Zerud" {vamp, rElec rPois Dex+3}
 30205 | Spider:1 | Reached skill level 8 in Throwing
 30372 | Spider:1 | Killed a ghost moth
 30495 | Spider:1 | Reached XP level 16. HP: 149/149 MP: 15/15
 30539 | Spider:1 | Slain by a boulder beetle

Vanquished Creatures
  Donald (Orc:2)
  3 ghost moths (Spider:1)
  An orc warlord (Orc:1)
  Nessos (Lair:3)
  The ghost of avis the Spry, a journeyman DgTm (Lair:5)
  Josephine (D:9)
  6 hydras (D:9 Lair:2 Lair:3 Lair:4)
  2 centaur warriors (D:9 D:12)
  An ogre mage (D:10)
  4 boulder beetles (D:12 Lair:2 Lair:5)
  4 two-headed ogres (D:10)
  2 orc high priests (Orc:1 Orc:2)
  10 death yaks (Lair:3 Lair:5)
  Urug (Lair:1)
  Sonja (Lair:4)
  A skyshark (Lair:5)
  A sun moth (Spider:1)
  4 orb spiders (Spider:1)
  A swamp dragon (Lair:5)
  A deep troll (Orc:1)
  2 steelbarb worms (Spider:1)
  Pikel (D:6)
  A lindwurm (Lair:2)
  A deep elf pyromancer (Bailey)
  4 orc knights (Bailey Orc:2)
  4 manticores (D:9 D:11 Lair:5)
  2 ugly things (D:7 D:9)
  4 orc sorcerers (Orc:1 Orc:2)
  3 wolf spiders (D:10 Spider:1)
  An oklob plant (Lair:2)
  A cyclops (D:9)
  A merfolk siren (Lair:3)
  4 demonic crawlers (Spider:1)
  2 gargoyles (D:12)
  5 elephants (Lair:5)
  A torpor snail (Spider:1)
  5 black mambas (Lair:1 Lair:5)
  An unseen horror (D:10)
  An ice statue (IceCv)
  8 cane toads (Lair:2 Lair:4 Lair:5)
  5 komodo dragons (Lair:1 Lair:2 Lair:5)
  7 rime drakes (Lair:2 Lair:5)
  A tengu conjurer (D:10)
  2 yaktaurs (D:10)
  An efreet (D:12)
  3 trolls (D:11 D:12)
  2 polar bears (Lair:5)
  Grinder (D:6)
  2 hornets (D:7 D:9)
  4 tarantellas (Spider:1)
  21 blink frogs (Lair:1 Lair:2 Lair:5)
  11 jumping spiders (Lair:3 Spider:1)
  A slime creature (D:10)
  9 culicivoras (Spider:1)
  59 yaks (D:8 D:7 D:9 D:10 D:11)
  A shadow (D:10)
  7 wyverns (D:6 D:9 D:10 Lair:2 Lair:5)
  2 vampires (D:11 D:12)
  A dire elephant simulacrum (IceCv)
  A spectral komodo dragon (Lair:5)
  5 basilisks (D:9 Lair:2 Lair:5)
  7 wraiths (D:10 D:11 D:12)
  4 steam dragons (D:10 Lair:5)
  7 vampire mosquitoes (D:12)
  3 death yak simulacra (IceCv)
  12 redbacks (Spider:1)
  Edmund (D:6)
  7 wargs (Orc:1 Orc:2)
  5 acid dragons (D:9 D:10 D:11 Lair:5)
  2 harpy simulacra (IceCv)
  3 hydra simulacra (IceCv Lair:5)
  14 water moccasins (D:8 Lair:1 Lair:2 Lair:5)
  35 orc warriors (D:6 D:7 D:8 Bailey D:10)
  3 ice beasts (D:6 D:7 D:8)
  2 swamp drakes (Lair:5)
  3 ogres (D:5 D:7)
  A sky beast (D:6)
  11 wolves (Lair:2 Lair:3 Lair:5)
  2 lemures (D:6)
  5 centaurs (D:5 D:7 D:8 D:9 D:10)
  2 phantoms (D:5)
  2 kobold brigands (D:5 D:10)
  9 bullfrogs (D:6 D:7 D:9 Lair:1 Lair:2)
  Blork the orc (Orc:2)
  2 gnoll sergeants (D:9 D:10)
  A scorpion (D:5)
  6 two-headed ogre simulacra (IceCv)
  3 cane toad simulacra (IceCv)
  4 wights (D:5 D:9)
  2 elephant simulacra (IceCv Lair:5)
  16 killer bees (D:7 D:10)
  5 howler monkeys (D:7 D:9 D:11)
  A komodo dragon simulacrum (Lair:5)
  4 jellies (D:7 D:8 Lair:4)
  14 orc priests (D:5 D:6 D:9 D:10 Orc:2)
  A sleepcap (D:7)
  8 iguanas (D:4 D:5 D:6 D:7 Lair:5)
  29 orc wizards (D:5 D:6 D:8 D:9 D:10)
  7 hell rats (Lair:4)
  4 troll simulacra (IceCv)
  A wolf simulacrum (IceCv)
  2 polar bear simulacra (IceCv)
  5 spriggan simulacra (IceCv)
  16 gnolls (D:7 D:9 D:10 Orc:1)
  7 adders (D:2 D:3 D:5)
  3 naga simulacra (IceCv)
  A river rat (D:5)
  7 white imps (D:6 IceCv)
  7 ufetubi (IceCv)
  2 worms (D:3 D:5)
  2 dart slugs (D:1 D:3)
  68 orcs (D:5 D:6 D:7 D:8 D:9)
  6 ball pythons (D:1 D:2 D:3 D:4)
  3 bats (D:1 D:3)
  11 endoplasms (D:1 D:3 Lair:4)
  6 giant cockroaches (D:1 D:4 D:5)
  12 goblins (D:1 D:2 D:3 D:4 D:10)
  7 hobgoblins (D:1 D:3 D:4 D:5)
  11 jackals (D:1 D:2)
  3 quokkas (D:1 D:3)
  3 frilled lizards (D:1 D:3)
  21 kobolds (D:1 D:2 D:3 D:5 D:10)
  12 rats (D:1 D:2 D:3 D:5)
709 creatures vanquished.

Vanquished Creatures (collateral kills)
  A reaper (IceCv)
  A fire dragon (Lair:5)
  An ice devil (IceCv)
  A hydra simulacrum (IceCv)
  A black mamba simulacrum (Lair:5)
5 creatures vanquished.

Vanquished Creatures (others)
  A deep elf pyromancer (D:12)
  A wizard (D:10)
  An orc priest (Orc:2)
  An orc wizard (D:8)
  A bush (D:5)
  19 fungi (D:9 Lair:2 Lair:4 Lair:5)
  43 plants (D:3 D:9 Lair:1 Lair:2 Lair:3)
67 creatures vanquished.

Grand Total: 781 creatures vanquished

Table legend: (Time is in decaauts)
 A = Elapsed time spent in this place.
 B = Non-inter-level travel time spent in this place.
 C = Inter-level travel time spent in this place.
 D = Time resting spent in this place.
 E = Time spent auto-exploring this place.
 F = Levels seen in this place.
 G = Mean time per level.
                   A        B        C        D        E       F      G
               +--------+--------+--------+--------+--------+-----+--------+
         Total |  29007 |  26918 |   2089 |   3621 |  16799 |  22 | 1318.5 |
       Dungeon |  16083 |  14759 |   1324 |   1378 |  10049 |  12 | 1340.2 |
          Lair |   6847 |   6268 |    579 |    596 |   4294 |   5 | 1369.4 |
   Spider Nest |    933 |    933 |      0 |     89 |    534 |   1 |  933.0 |
  Orcish Mines |   2766 |   2581 |    185 |    397 |   1507 |   2 | 1383.0 |
        Bailey |    446 |    446 |      0 |     68 |     26 |   1 |  446.0 |
      Ice Cave |   1930 |   1930 |      0 |   1093 |    389 |   1 | 1930.0 |
               +--------+--------+--------+--------+--------+-----+--------+

Top non-repeatable levels by time:
     D:9: 3014 daAuts
    D:10: 2057 daAuts
  Lair:5: 2052 daAuts
   IceCv: 1930 daAuts
  Lair:2: 1636 daAuts
    D:11: 1536 daAuts
   Orc:1: 1500 daAuts
     D:6: 1320 daAuts
  Lair:3: 1274 daAuts
   Orc:2: 1266 daAuts
     D:8: 1258 daAuts
     D:7: 1214 daAuts
     D:5: 1201 daAuts
     D:2: 1142 daAuts
     D:3: 1084 daAuts

Table legend:
 A = Non-vault XP
 B = Vault XP
 C = Vault XP percentage of total XP
 D = Non-vault monster count
 E = Vault monster count
 F = Vault count percentage of total count
                 A         B        C        D         E       F
            +---------+---------+-------+---------+---------+-------
      Total |   75460 |   55710 |  42.5 |     443 |     271 |  38.0
            +---------+---------+-------+---------+---------+-------
        D:1 |      56 |       0 |   0.0 |      31 |       0 |   0.0
        D:2 |      85 |       0 |   0.0 |      22 |       0 |   0.0
        D:3 |      48 |       0 |   0.0 |      20 |       0 |   0.0
        D:4 |      47 |       0 |   0.0 |       7 |       0 |   0.0
        D:5 |     578 |     317 |  35.4 |      13 |      20 |  60.6
        D:6 |     911 |    1076 |  54.2 |      18 |       3 |  14.3
        D:7 |    1608 |     855 |  34.7 |      22 |       5 |  18.5
        D:8 |    2582 |     344 |  11.8 |      22 |       4 |  15.4
        D:9 |    2959 |    5570 |  65.3 |      25 |      11 |  30.6
       D:10 |    1666 |    8731 |  84.0 |      20 |      43 |  68.3
       D:11 |    4950 |       0 |   0.0 |      27 |       0 |   0.0
       D:12 |    5471 |       0 |   0.0 |      19 |       0 |   0.0
     Lair:1 |    3995 |     796 |  16.6 |      17 |       1 |   5.6
     Lair:2 |    1366 |    5566 |  80.3 |       6 |      14 |  70.0
     Lair:3 |    4009 |    2664 |  39.9 |      11 |       4 |  26.7
     Lair:4 |    4870 |     862 |  15.0 |      20 |       4 |  16.7
     Lair:5 |   20489 |    8378 |  29.0 |      55 |      32 |  36.8
   Spider:1 |   17185 |    2150 |  11.1 |      47 |       5 |   9.6
      Orc:1 |    1221 |    4819 |  79.8 |      17 |      30 |  63.8
      Orc:2 |    1364 |    7046 |  83.8 |      24 |      30 |  55.6
     Bailey |       0 |    1869 | 100.0 |       0 |      15 | 100.0
      IceCv |       0 |    4667 | 100.0 |       0 |      50 | 100.0
            +---------+---------+-------+---------+---------+-------
